 Dungeon Crawl Stone Soup version 0.31-a0-986-g5e6e4ef867 (webtiles) character file.

Game seed: 6015284935310995485

983 Jeffwins the Ruffian (level 7, 0/49 HPs)
             Began as a Yellow Draconian Shapeshifter on Nov 24, 2023.
             Slain by a black bear (1 damage)
             ... on level 6 of the Dungeon.
             The game lasted 00:05:27 (4908 turns).

Jeffwins the Ruffian (DrSh)                         Turns: 4908, Time: 00:05:28

Health: 0/49       AC:  4    Str: 16    XL:     7   Next: 96%
Magic:  7/7        EV: 12    Int: 12    God:
Gold:   207        SH:  0    Dex: 17    Spells: 6/6 levels left

rFire   . .          .
                       - Unarmed
rCold   . . .        (shield currently unavailable)
rNeg    . . .        (body armour unavailable)
rPois   .            (helmet restricted)
rElec   .            F - +0 cloak
rCorr   +            D - +0 pair of gloves
SInv    .            (no boots)
Will    .....        (no amulet)
Stlth   +            R - ring of resist corrosion
HPRegen 0.28/turn    X - +6 ring of dexterity
MPRegen 0.10/turn

%: no passive effects
@: flux-form, corroded, glowing
A: glow, contaminating, reduced hp, spit acid, AC +6, unfitting armour,
cold-blooded, acid resistance
a: Breathe Acid, Begin Untransformation


You were on level 6 of the Dungeon.
You were something dangerously unstable.
You visited 2 branches of the dungeon, and saw 7 of its levels.
You also visited: Ossuary.

You collected 207 gold pieces.


Innate Abilities, Weirdness & Mutations

You are something dangerously unstable.
You glow with magical radiation, making you easy to see and hit.
Foes you strike become dangerously contaminated with magical radiation.
Your maximum health is decreased, since you lack skill for your form.
You are incapable of wielding weapons or throwing items.
You can spit globs of acid.
Your golden yellow scales are hard. (AC +6)
You cannot fit into any form of body armour.
You are cold-blooded and may be slowed by cold attacks.
You are resistant to acid. (rCorr)


   Skills:
 - Level 1.1 Fighting
 - Level 1.7 Dodging
 - Level 2.0 Stealth
 * Level 7.0 Unarmed Combat
 * Level 6.4 Shapeshifting


You had 6 spell levels left.
You didn't know any spells.
Your spell library contained the following spells:

 Spells                   Type           Power      Damage    Failure   Level
 Sting                    Tmut/Pois      0%         1d3       32%         1
 Poisonous Vapours        Pois/Air       0%         N/A       45%         2
 Cause Fear               Hex            0%         N/A       97%         4
 Manifold Assault         Tloc           0%         N/A       97%         4
 Olgreb's Toxic Radiance  Pois           0%         N/A       97%         4
 Fireball                 Conj/Fire      0%         3d3       100%        5
 Dispersal                Tloc           0%         N/A       100%        6
 Disjunction              Tloc           0%         N/A       100%        8
 Dragon's Call            Summ           0%         N/A       100%        9

Inventory:

Missiles
 i - 2 javelins
 q - 8 poisoned darts
 C - 2 throwing nets {=f}
Armour
 D - a +0 pair of gloves (worn)
 F - a +0 cloak (worn)
Magical Staves
 t - a staff of air
Jewellery
 L - a ring of flight
 N - a ring of positive energy
 R - a ring of resist corrosion (left hand)
 X - a +6 ring of dexterity (right hand)
 Z - a ring of wizardry
Talismans
 b - a beast talisman
 c - a flux talisman (active)
Wands
 B - a wand of iceblast (10)
 G - a wand of paralysis (9)
Scrolls
 f - 2 scrolls of enchant armour
 k - a scroll of torment {unknown}
 n - a scroll of immolation {!r}
 o - 2 scrolls of summoning {unknown}
 p - a scroll of blinking
 r - a scroll of fear
 w - a scroll of poison {!r}
 x - 2 scrolls of vulnerability {unknown}
 y - a scroll of teleportation {unknown}
 E - a scroll of fog {unknown}
Potions
 a - 6 potions of lignification {!q}
 d - 2 potions of magic {unknown}
 e - a potion of cancellation {unknown}
 g - a potion of enlightenment {unknown}
 h - 4 potions of curing {unknown}
 j - 2 potions of attraction {unknown}
 l - 2 potions of brilliance {unknown}
 m - 2 potions of mutation {unknown}
 s - 2 potions of haste {unknown}
 u - a potion of degeneration {unknown}
 v - a potion of berserk rage {unknown}
 z - a potion of heal wounds {unknown}
 A - a potion of might {unknown}

Dungeon Overview and Level Annotations

Branches:
Dungeon (6/15)             Temple (1/1) D:5         Ossuary (visited)

Altars:
Cheibriados
Elyvilon
Fedhas
Hepliaklqana
Kikubaaqudgha
Nemelex Xobeh
Okawaru
Qazlal
Ru
Sif Muna
Trog
Uskayaw
Vehumet
Wu Jian
Yredelemnul
Zin
The Shining One

Shops:
D:1

[ ..#... .......
.......##.......
/...............
........#.......
.........#.#...
.............## .....
"..##....o†...# ....#
#......ph.#.##...##
..#....####.......#
##..####........#
###...#........##
##.....#.........#
...................#
............#......##
#..........###.#.<.#
##.........# #.#.###


You could see a black bear (heavy contam) and an orc.


Message History

The orc hits you with a +0 hand axe.
* * * LOW HITPOINT WARNING * * *
The black bear barely misses you.
The black bear claws you but does no damage.
The black bear claws you.
* * * LOW HITPOINT WARNING * * *
Your Unarmed Combat skill increases to level 7!
You hit the black bear.
The black bear begins to glow.
The black bear is lightly wounded.
The orc hits you with a +0 hand axe.
* * * LOW HITPOINT WARNING * * *
The black bear barely misses you.
The black bear claws you but does no damage.
The black bear claws you.
* * * LOW HITPOINT WARNING * * *
You completely miss the black bear.
The black bear is lightly wounded.
The orc hits you with a +0 hand axe.
* * * LOW HITPOINT WARNING * * *
The black bear bites you!
* * * LOW HITPOINT WARNING * * *
The black bear claws you but does no damage.
The black bear claws you.
* * * LOW HITPOINT WARNING * * *
You hit the black bear but do no damage.
The black bear glows dangerously bright.
The black bear is lightly wounded.
The orc hits you but does no damage. The black bear closely misses you.
The black bear barely misses you. The black bear claws you.
You die...

Skill      XL: |  1  2  3  4  5  6  7 |
---------------+----------------------+-----
Stealth        | 1 2 |  2.0
Unarmed Combat | 4 5 7 |  7.0
Shapeshifting  | 4 5 6 |  6.4
Fighting       | |  1.1
Dodging        | |  1.7

Action                     |  1- 3 |  4- 6 |  7- 9 || total
---------------------------+-------+-------+-------++-------
  Melee: Unarmed           |    79 |   208 |   106 ||   393
         Tailslap          |     7 |    19 |    15 ||    41
         Punch             |       |     2 |       ||     2
    Use: Scroll            |       |     6 |     1 ||     7
   Stab: Sleeping          |     3 |     5 |     1 ||     9
 Armour: Skin              |    37 |   100 |    72 ||   209
  Dodge: Dodged            |    33 |   123 |    63 ||   219
   Form: Flux              |       |     1 |       ||     1

Levels and vault maps discovered:
D:1:      eino_arrival_water_star, layout_loops_cross, serial_shops,
          shop_statue, serial_bayou, serial_bayou_lagoon_a, serial_bayou_lake_a,
          serial_bayou_ford_a, serial_bayou_pond_c, serial_bayou_pond_e,
          serial_bayou_pond_a
D:2:      layout_loops_cross, nicolae_elevator_lobby_asterisk
D:3:      layout_basic, minmay_checkerbox
D:4:      layout_layer_cave, lemuel_doored_altar
D:5:      layout_basic, jmf_multi_god_temple, minmay_temple_entry_butterflies,
          mainiacjoe_ossuary_entry_dusty_tomb
D:6:      layout_cave_pools
Temple:   compressed_dpeg_circular_temple

Notes
Turn   | Place    | Note
-------+----------+-------------------------------------------
     0 | D:1      | Jeffwins the Draconian Shapeshifter began the quest for the
                  | Orb.
     0 | D:1      | Reached XP level 1. HP: 16/16 MP: 1/1
    56 | D:1      | Found Zuodewex's Armour Shop.
   328 | D:1      | Reached XP level 2. HP: 20/23 MP: 2/2
  1425 | D:2      | Reached skill level 1 in Stealth
  1425 | D:2      | Reached XP level 3. HP: 9/28 MP: 3/3
  1782 | D:3      | Reached XP level 4. HP: 35/35 MP: 4/4
  1934 | D:3      | Reached skill level 4 in Unarmed Combat
  2590 | D:4      | Reached skill level 4 in Shapeshifting
  2590 | D:4      | Reached XP level 5. HP: 37/40 MP: 5/5
  2762 | D:4      | Reached skill level 2 in Stealth
  2793 | D:4      | Found a sparkling altar of Nemelex Xobeh.
  2820 | D:4      | Noticed an ogre
  2831 | D:4      | Killed an ogre
  3109 | D:4      | Reached skill level 5 in Unarmed Combat
  3109 | D:4      | Reached XP level 6. HP: 33/47 MP: 6/6
  3551 | D:5      | Entered Level 5 of the Dungeon
  3740 | D:5      | Reached skill level 5 in Shapeshifting
  3808 | D:5      | Found a sand-covered staircase.
  3817 | Ossuary  | Entered an ossuary
  3985 | Ossuary  | Your scales start taking on a golden yellow colour.
  3985 | Ossuary  | Reached XP level 7. HP: 33/52 MP: 7/7
  3985 | Ossuary  | Gained mutation: You are resistant to acid. (rCorr) [Yellow
                  | Draconian growth]
  4037 | Ossuary  | Reached skill level 6 in Unarmed Combat
  4277 | D:5      | Found a staircase to the Ecumenical Temple.
  4308 | Temple   | Entered the Ecumenical Temple
  4386 | D:5      | Found a shimmering blue altar of Sif Muna.
  4386 | D:5      | Found a white marble altar of Elyvilon.
  4456 | D:5      | Reached skill level 6 in Shapeshifting
  4906 | D:6      | Reached skill level 7 in Unarmed Combat
  4907 | D:6      | HP: 2/49 [black bear (7)]
  4908 | D:6      | Slain by a black bear

Vanquished Creatures
  A black bear (D:6)
  An ogre (D:4)
  4 water moccasin zombies (Ossuary)
  A howler monkey (D:6)
  4 jellies
  3 hounds
  4 iguanas
  2 mummies (Ossuary)
  10 adders
  A shadow imp (D:5)
  3 adder zombies (Ossuary)
  2 worms (D:3)
  3 dart slugs
  An orc (D:4)
  3 bats
  11 endoplasms
  A giant cockroach (D:4)
  4 gnoll zombies (Ossuary)
  11 goblins
  2 hobgoblins
  12 jackals
  A quokka (D:4)
  3 ball pythons (D:1)
  5 frilled lizards
  3 hobgoblin zombies (Ossuary)
  6 kobolds
  4 kobold zombies (Ossuary)
  4 orc zombies (Ossuary)
  5 rats
115 creatures vanquished.

Table legend: (Time is in decaauts)
 A = Elapsed time spent in this place.
 B = Non-inter-level travel time spent in this place.
 C = Inter-level travel time spent in this place.
 D = Time resting spent in this place.
 E = Time spent auto-exploring this place.
 F = Levels seen in this place.
 G = Mean time per level.
                   A        B        C        D        E       F      G
               +--------+--------+--------+--------+--------+-----+--------+
         Total |   4947 |   4791 |    156 |     35 |   3909 |   8 |  618.4 |
       Dungeon |   4585 |   4429 |    156 |     35 |   3683 |   6 |  764.2 |
        Temple |      1 |      1 |      0 |      0 |      0 |   1 |    1.0 |
       Ossuary |    359 |    359 |      0 |      0 |    226 |   1 |  359.0 |
               +--------+--------+--------+--------+--------+-----+--------+

Top non-repeatable levels by time:
     D:1: 1117 daAuts
     D:4: 964 daAuts
     D:5: 829 daAuts
     D:3: 818 daAuts
     D:2: 710 daAuts
 Ossuary: 359 daAuts
     D:6: 145 daAuts
  Temple: 1 daAuts

Table legend:
 A = Non-vault XP
 B = Vault XP
 C = Vault XP percentage of total XP
 D = Non-vault monster count
 E = Vault monster count
 F = Vault count percentage of total count
                 A         B        C        D         E       F
            +---------+---------+-------+---------+---------+-------
      Total |     977 |     428 |  30.5 |      85 |      30 |  26.1
            +---------+---------+-------+---------+---------+-------
        D:1 |      34 |       0 |   0.0 |      22 |       0 |   0.0
        D:2 |      58 |       0 |   0.0 |       8 |       0 |   0.0
        D:3 |      55 |      10 |  15.4 |      16 |       4 |  20.0
        D:4 |     245 |       0 |   0.0 |      24 |       0 |   0.0
        D:5 |     300 |      40 |  11.8 |      10 |       2 |  16.7
        D:6 |     285 |       0 |   0.0 |       5 |       0 |   0.0
    Ossuary |       0 |     378 | 100.0 |       0 |      24 | 100.0
            +---------+---------+-------+---------+---------+-------
